 Dungeon Crawl Stone Soup version 0.25.1-2-g60ff931df9 (webtiles) character file.

Game seed: 2049061933692550320

2233 Cazemata the Cleaver (level 9, -2/82 HPs)
             Began as a Minotaur Berserker on Oct 31, 2020.
             Was a Priest of Trog.
             Slain by an orc warrior
             ... wielding a +0 long sword
              (11 damage)
             ... on level 6 of the Dungeon.
             The game lasted 00:26:01 (5451 turns).

Cazemata the Cleaver (Minotaur Berserker)           Turns: 5451, Time: 00:26:02

Health: -2/82      AC:  7    Str: 22    XL:     9   Next: 14%
Magic:  8/8        EV: 11    Int:  7    God:    Trog [***...]
Gold:   165        SH:  0    Dex: 10    Spells: 8/8 levels left

rFire    . . .     SeeInvis .   a - +0 hand axe
rCold    . . .     Gourm    .   (no shield)
rNeg     . . .     Faith    .   m - +1 ring mail
rPois    .         Spirit   .   s - +1 hat
rElec    .         Reflect  .   (no cloak)
rCorr    .         Harm     .   (no gloves)
MR       .....                  (no boots)
Stlth    ..........             (no amulet)
HPRegen  0.23/turn              (no ring)
MPRegen  0.11/turn              (no ring)

@: no status effects
A: retaliatory headbutt, horns 2
a: Berserk, Trog's Hand, Renounce Religion


You were on level 6 of the Dungeon.
You worshipped Trog.
Trog was most pleased with you.
You were not hungry.

You visited 1 branch of the dungeon, and saw 6 of its levels.

You collected 165 gold pieces.

Inventory:

Hand Weapons
 a - a +0 hand axe (weapon)
 q - a +0 mace of protection
 t - a +2 flail of holy wrath
 w - a +0 whip of electrocution
Missiles
 d - 8 atropa-tipped darts
 j - 33 poisoned darts (quivered)
Armour
 b - a +0 animal skin
 k - a +0 scale mail
 m - a +1 ring mail (worn)
 s - a +1 hat (worn)
Jewellery
 o - an uncursed ring of ice
Wands
 p - a wand of random effects (35)
 v - a wand of disintegration (16)
 y - a wand of flame (10)
Scrolls
 e - a scroll of magic mapping
 g - a scroll of remove curse
 h - a scroll of fear
 l - 2 scrolls of enchant armour
 u - a scroll of identify
 x - a scroll of fog
Potions
 f - 2 potions of might {unknown}
 i - 8 potions of heal wounds {unknown}
 n - 3 potions of curing {unknown}
 r - a potion of lignification {unknown}
 z - a potion of stabbing {unknown}
Comestibles
 c - 8 rations


   Skills:
 + Level 8.6 Fighting
 - Level 12.4 Axes
 - Level 2.4 Armour
 - Level 2.1 Dodging


You had 8 spell levels left.
You didn't know any spells.
Your spell library was empty.

Dungeon Overview and Level Annotations

Branches:
Dungeon (6/15)             Temple (0/1) D:4

Altars:
Dithmenos
Elyvilon
Gozag
Nemelex Xobeh
Trog
Yredelemnul


Innate Abilities, Weirdness & Mutations

You reflexively headbutt those who attack you in melee.
You have a pair of horns on your head.


Message History

The orc priest completely misses you.
You hit the orc warrior. Your headbutt misses the orc warrior.
The orc warrior is severely wounded.
You barely miss the orc priest. You barely miss the orc wizard.
The orc wizard hits you but does no damage.
The orc warrior hits you with a +0 long sword!!
* * * LOW HITPOINT WARNING * * *
You hit the orc warrior. You headbutt the orc warrior.
The orc warrior is almost dead.
You hit the orc priest. You closely miss the orc wizard.
The orc priest invokes the aid of Beogh against you.
Beogh smites you!
* * * LOW HITPOINT WARNING * * *
The orc wizard closely misses you.
You slash the orc priest!
You kill the orc priest!
Trog accepts your kill.
You hit the orc warrior but do no damage.
The orc warrior hits you with a +0 long sword!
You die...

###. ## #......#
#. .......# #.
#......##
#.###.#.....
#.....#.# .#
#..#....##.#
#..)o.o....#
###@#)###..# .
#.#......#.#..
..#####.##.#..
#####...........
#.......#...
#.......#
#.......#
#.......#
#.......#


You could see an orc warrior and an orc wizard.

Vanquished Creatures
  Pikel (D:4)
  Eustachio (D:5)
  Menkaure (D:5)
  Edmund (D:4)
  Duvessa (D:4)
  A slave (D:4)
  A phantom (D:4)
  An ice beast (D:5)
  An orc warrior (D:5)
  An ogre (D:5)
  Dowan (D:4)
  2 scorpions
  2 crimson imps
  3 orc priests
  2 hounds (D:4)
  3 orc wizards (D:5)
  2 bullfrog skeletons
  Terence (D:2)
  Ijyb (D:4)
  An iguana (D:5)
  5 worker ants (D:4)
  A killer bee zombie (D:4)
  9 adders
  A shadow imp (D:5)
  An ooze (D:3)
  An adder skeleton (D:3)
  3 leopard geckos
  14 orcs
  A ball python (D:3)
  6 bats
  5 giant cockroaches
  9 goblins
  12 hobgoblins
  6 jackals
  2 quokkas (D:4)
  3 frilled lizards (D:1)
  A giant cockroach zombie (D:5)
  A jackal skeleton (D:4)
  15 kobolds
  A leopard gecko zombie (D:5)
  8 rats
133 creatures vanquished.

Vanquished Creatures (others)
  2 slaves (D:4)
2 creatures vanquished.

Grand Total: 135 creatures vanquished

Notes
Turn   | Place    | Note
-------+----------+-------------------------------------------
     0 | D:1      | Cazemata the Minotaur Berserker began the quest for the
                  | Orb.
     0 | D:1      | Reached XP level 1. HP: 19/19 MP: 0/0
    45 | D:1      | Reached skill level 4 in Axes
    84 | D:1      | You fall into a shaft and drop 1 floor!
   101 | D:2      | Found a bloodstained altar of Trog.
   173 | D:1      | Reached XP level 2. HP: 23/26 MP: 1/1
   440 | D:1      | Reached skill level 5 in Axes
   668 | D:1      | Reached XP level 3. HP: 30/31 MP: 2/2
   699 | D:1      | Reached ** piety under Trog
  1016 | D:2      | Noticed a scorpion
  1030 | D:2      | Killed a scorpion
  1030 | D:2      | Reached skill level 6 in Axes
  1030 | D:2      | Reached XP level 4. HP: 8/39 MP: 3/3
  1383 | D:2      | Found an opulent altar of Gozag.
  1458 | D:2      | Noticed Terence
  1479 | D:2      | Killed Terence
  1821 | D:3      | Reached XP level 5. HP: 45/45 MP: 4/4
  1843 | D:3      | Reached skill level 7 in Axes
  2218 | D:3      | Found a sparkling altar of Nemelex Xobeh.
  2246 | D:3      | Reached skill level 8 in Axes
  2474 | D:4      | Noticed a slave
  2474 | D:4      | Noticed a slave
  2474 | D:4      | Noticed a slave
  2474 | D:4      | Noticed Pikel
  2475 | D:4      | Noticed a slave
  2488 | D:4      | Killed a slave
  2492 | D:4      | Killed Pikel
  2492 | D:4      | Reached skill level 10 in Axes
  2492 | D:4      | Reached XP level 6. HP: 26/51 MP: 5/5
  2492 | D:4      | Reached XP level 7. HP: 29/57 MP: 6/6
  2649 | D:4      | Reached *** piety under Trog
  2724 | D:4      | Found a staircase to the Ecumenical Temple.
  2761 | D:4      | Reached skill level 11 in Axes
  2791 | D:4      | Noticed Ijyb
  2810 | D:4      | Killed Ijyb
  2850 | D:4      | Reached XP level 8. HP: 38/64 MP: 7/7
  2987 | D:4      | Found a white marble altar of Elyvilon.
  3369 | D:4      | Noticed Duvessa
  3369 | D:4      | Noticed Dowan
  3399 | D:4      | Killed Duvessa
  3405 | D:4      | Killed Dowan
  3405 | D:4      | Reached skill level 12 in Axes
  3453 | D:4      | Noticed Edmund
  3479 | D:4      | Killed Edmund
  3511 | D:4      | Found a basalt altar of Yredelemnul.
  3870 | D:4      | Found a shadowy altar of Dithmenos.
  4040 | D:5      | Entered Level 5 of the Dungeon
  4122 | D:5      | Noticed Eustachio
  4137 | D:5      | Reached skill level 5 in Fighting
  4149 | D:5      | Killed Eustachio
  4687 | D:5      | Noticed Menkaure
  4695 | D:5      | Killed Menkaure
  4731 | D:5      | Reached XP level 9. HP: 22/80 MP: 8/8
  5044 | D:5      | HP: 6/121 [orc warrior/+4 trident (19)]
  5451 | D:6      | Slain by an orc warrior

Illustrated notes

Levels and vault maps discovered:
D:1:      wander_arrival_fairy_ring, layout_basic
D:2:      layout_rooms, lemuel_crystal_altar, lemuel_crystal_altar,
          kennysheep_crisscross, uniq_terence
D:3:      layout_loops_ring, overflow_temple_1_default, first_ration
D:4:      layout_loops_ring, kennysheep_ying_yang,
          minmay_temple_entry_enclosed_plants,
          grunt_dithmenos_smoke_and_mirrors, uniq_pikel, uniq_duvessa,
          uniq_ijyb, uniq_edmund
D:5:      layout_cave_pools, corexii_corridor_pit, uniq_menkaure, uniq_eustachio
D:6:      layout_loops_cross, uniq_blork_the_orc, uniq_sigmund

Skill      XL: |  1  2  3  4  5  6  7  8  9 |
---------------+----------------------------+-----
Axes           | 4 5 6 10 11 12 | 12.4
Fighting       | 7 8 |  8.6
Armour         | |  2.4
Dodging        | |  2.1

Action                   |  1- 3 |  4- 6 |  7- 9 || total
-------------------------+-------+-------+-------++-------
Melee: Hand axe          |    72 |   110 |   245 ||   427
       Headbutt          |    12 |    18 |    52 ||    82
Invok: Berserk           |       |     2 |     3 ||     5
       Trog's Hand       |       |       |     2 ||     2
  Use: Scroll            |       |     7 |     3 ||    10
       Potion            |       |       |     2 ||     2
 Stab: Sleeping          |       |     1 |       ||     1
  Eat: Chunk             |       |     6 |     4 ||    10
       Ration            |       |       |     3 ||     3
Armor: Animal skin       |    13 |    13 |       ||    26
       Ring mail         |       |    16 |    78 ||    94
Dodge: Dodged            |    62 |    69 |    92 ||   223
